TOP OF THE 1ST |
Chester Pirates batting - Pitching for Trois-Riveres Aigles : RHP Jaylin Green
|
Pitching: RHP Jaylin Green
|
|
Batting: RHB Terrence Wilson
|
0-0: Called Strike 0-1: Swinging Strike 0-2: Fly out, F7 (Flyball, 7LM, EV 98.1 MPH)
|
Batting: RHB Tim Moore
|
0-0: Ground out 6-3 (Groundball, 6, EV 109.4 MPH)
|
Batting: RHB Brandon White
|
0-0: Ball 1-0: Called Strike 1-1: Fly out, F9 (Line Drive, 89M, EV 103.1 MPH)
|
Top of the 1st over - 0 runs, 0 hits, 0 errors, 0 left on base; Chester 0 - Trois-Riveres 0 |
BOTTOM OF THE 1ST |
Trois-Riveres Aigles batting - Pitching for Chester Pirates : RHP Eric Bourque
|
Pitching: RHP Eric Bourque
|
|
Batting: LHB Jonathan Spino
|
0-0: Ball 1-0: Called Strike 1-1: Called Strike 1-2: Ball 2-2: Foul Ball, location: 2F 2-2: Ball 3-2: Foul Ball, location: 2F 3-2: Strikes out swinging
|
Batting: LHB Harris Vink
|
0-0: Called Strike 0-1: Fly out, F5 (Popup, 56S, EV 80.6 MPH)
|
Batting: LHB Darryl Gonnella
|
0-0: Called Strike 0-1: Foul Ball, location: 2F 0-2: Ball 1-2: Ball 2-2: SINGLE (Groundball, 56D, EV 102.5 MPH)
|
Batting: RHB Sesto Carpini
|
0-0: Reached on error, E4 (Groundball, 4, EV 79.4 MPH) Darryl Gonnella to second
|
Batting: RHB Jose Arriola
|
0-0: Fly out, F8 (Flyball, 8RM, EV 92.5 MPH)
|
Bottom of the 1st over - 0 runs, 1 hit, 1 error, 2 left on base; Chester 0 - Trois-Riveres 0 |
TOP OF THE 2ND |
Chester Pirates batting - Pitching for Trois-Riveres Aigles : RHP Jaylin Green
|
Batting: LHB Carlos Vega
|
0-0: Ball 1-0: Swinging Strike 1-1: Ball 2-1: Ground out 1-3 (Groundball, 13S, EV 70.6 MPH)
|
Batting: RHB Zach Chmieleski
|
0-0: Called Strike 0-1: Foul Ball, location: 2F 0-2: Ball 1-2: Ball 2-2: Ball 3-2: Fly out, F8 (Flyball, 8RXD, EV 100.6 MPH)
|
Batting: SHB Don Hauk
|
0-0: Ball 1-0: Called Strike 1-1: Ball 2-1: Ball 3-1: Swinging Strike 3-2: Fly out, F7 (Flyball, 78M, EV 86.9 MPH)
|
Top of the 2nd over - 0 runs, 0 hits, 0 errors, 0 left on base; Chester 0 - Trois-Riveres 0 |
BOTTOM OF THE 2ND |
Trois-Riveres Aigles batting - Pitching for Chester Pirates : RHP Eric Bourque
|
Batting: SHB Joshua Jackson
|
0-0: Ball 1-0: Foul Ball, location: 2F 1-1: Fly out, F8 (Flyball, 8RD, EV 96.2 MPH)
|
Batting: RHB Nelle Lommen
|
0-0: Ball 1-0: Swinging Strike 1-1: Ball 2-1: Called Strike 2-2: Strikes out swinging
|
Batting: RHB Jason Penfield
|
0-0: Ball 1-0: Called Strike 1-1: Foul Ball, location: 2F 1-2: Foul Ball, location: 2F 1-2: Strikes out swinging
|
Bottom of the 2nd over - 0 runs, 0 hits, 0 errors, 0 left on base; Chester 0 - Trois-Riveres 0 |
TOP OF THE 3RD |
Chester Pirates batting - Pitching for Trois-Riveres Aigles : RHP Jaylin Green
|
Batting: RHB Jeff Edwards
|
0-0: Swinging Strike 0-1: Foul Ball, location: 2F 0-2: Foul Ball, location: 2F 0-2: Fly out, F9 (Flyball, 9LM, EV 86.2 MPH)
|
Batting: RHB Frank Elizondo
|
0-0: Foul Ball, location: 2F 0-1: Foul Ball, location: 2F 0-2: Ball 1-2: Strikes out looking
|
Batting: LHB Chad Cutler
|
0-0: Ball 1-0: Ball 2-0: Ball 3-0: Base on Balls
|
Batting: RHB Terrence Wilson
|
0-0: Called Strike Chad Cutler is caught stealing 2nd base 2-4
|
Top of the 3rd over - 0 runs, 0 hits, 0 errors, 0 left on base; Chester 0 - Trois-Riveres 0 |
BOTTOM OF THE 3RD |
Trois-Riveres Aigles batting - Pitching for Chester Pirates : RHP Eric Bourque
|
Batting: RHB Josh Harmon
|
0-0: Swinging Strike 0-1: Called Strike 0-2: Strikes out swinging
|
Batting: LHB Jonathan Spino
|
0-0: Fly out, F9 (Flyball, 9LM, EV 91.2 MPH)
|
Batting: LHB Harris Vink
|
0-0: Ground out U3 (Groundball, 3, EV 90.0 MPH)
|
Bottom of the 3rd over - 0 runs, 0 hits, 0 errors, 0 left on base; Chester 0 - Trois-Riveres 0 |
TOP OF THE 4TH |
Chester Pirates batting - Pitching for Trois-Riveres Aigles : RHP Jaylin Green
|
Batting: RHB Terrence Wilson
|
0-0: Ball 1-0: Called Strike 1-1: Swinging Strike 1-2: Strikes out swinging
|
Batting: RHB Tim Moore
|
0-0: SINGLE (Line Drive, 8LS, EV 105.6 MPH)
|
Batting: RHB Brandon White
|
0-0: Called Strike 0-1: Ball 1-1: Grounds into double play, 6-4-3 (Groundball, 6, EV 81.9 MPH)
|
Top of the 4th over - 0 runs, 1 hit, 0 errors, 0 left on base; Chester 0 - Trois-Riveres 0 |
BOTTOM OF THE 4TH |
Trois-Riveres Aigles batting - Pitching for Chester Pirates : RHP Eric Bourque
|
Batting: LHB Darryl Gonnella
|
0-0: Ball 1-0: Ball 2-0: Foul Ball, location: 2F 2-1: Ball 3-1: Base on Balls
|
Batting: RHB Sesto Carpini
|
0-0: Ball 1-0: Ball 2-0: Ball 3-0: Base on Balls Darryl Gonnella to second
|
Batting: RHB Jose Arriola
|
0-0: Called Strike 0-1: Ball 1-1: Ball 2-1: Ball 3-1: SINGLE (Groundball, 4MD, EV 110.0 MPH) Darryl Gonnella to third Sesto Carpini to second Runner from 3rd tries for Home, SAFE, throw by CF to home
|
Batting: SHB Joshua Jackson
|
0-0: Called Strike 0-1: Ground out 5-3 (Groundball, 56S, EV 72.5 MPH) Sesto Carpini to third Jose Arriola to second
|
Batting: RHB Nelle Lommen
|
0-0: Called Strike 0-1: Ball 1-1: Foul Ball, location: 2F 1-2: Ball 2-2: Foul Ball, location: 2F 2-2: Strikes out swinging
|
Batting: RHB Jason Penfield
|
0-0: Called Strike 0-1: Ball 1-1: Foul Ball, location: 2F 1-2: Foul Ball, location: 2F 1-2: Ball 2-2: Strikes out looking
|
Bottom of the 4th over - 1 run, 1 hit, 0 errors, 2 left on base; Chester 0 - Trois-Riveres 1 |
TOP OF THE 5TH |
Chester Pirates batting - Pitching for Trois-Riveres Aigles : RHP Jaylin Green
|
Batting: LHB Carlos Vega
|
0-0: Foul Ball, location: 2F 0-1: Foul Ball, location: 2F 0-2: Fly out, F8 (Line Drive, 8LM, EV 96.9 MPH)
|
Batting: RHB Zach Chmieleski
|
0-0: Called Strike 0-1: Ball 1-1: Ball 2-1: Foul Ball, location: 2F 2-2: Ball 3-2: DOUBLE (Flyball, 8RXD, EV 101.2 MPH)
|
Batting: SHB Don Hauk
|
0-0: Foul Ball, location: 2F 0-1: Foul Ball, location: 2F 0-2: Ball 1-2: Foul Ball, location: 2F 1-2: Strikes out swinging
|
Batting: RHB Jeff Edwards
|
0-0: Ground out 5-3 (Groundball, 5, EV 108.1 MPH)
|
Top of the 5th over - 0 runs, 1 hit, 0 errors, 1 left on base; Chester 0 - Trois-Riveres 1 |
BOTTOM OF THE 5TH |
Trois-Riveres Aigles batting - Pitching for Chester Pirates : RHP Eric Bourque
|
Batting: RHB Josh Harmon
|
0-0: Ball 1-0: Ball 2-0: Foul Ball, location: 2F 2-1: Swinging Strike 2-2: Strikes out swinging
|
Batting: LHB Jonathan Spino
|
0-0: Ball 1-0: Foul Ball, location: 2F 1-1: Ball 2-1: Foul Ball, location: 2F 2-2: Strikes out swinging
|
Batting: LHB Harris Vink
|
0-0: Called Strike 0-1: Ball 1-1: Ball 2-1: Ball 3-1: Base on Balls
|
Batting: LHB Darryl Gonnella
|
0-0: Ball 1-0: Called Strike 1-1: Ball 2-1: Fly out, F7 (Flyball, 78M, EV 94.4 MPH)
|
Bottom of the 5th over - 0 runs, 0 hits, 0 errors, 1 left on base; Chester 0 - Trois-Riveres 1 |
TOP OF THE 6TH |
Chester Pirates batting - Pitching for Trois-Riveres Aigles : RHP Jaylin Green
|
Batting: RHB Frank Elizondo
|
0-0: Ball 1-0: Ball 2-0: Called Strike 2-1: Swinging Strike 2-2: Strikes out swinging
|
Batting: LHB Chad Cutler
|
0-0: Ball 1-0: Ball 2-0: Called Strike 2-1: Foul Ball, location: 2F 2-2: Ground out U3 (Groundball, 34D, EV 100.6 MPH)
|
Batting: RHB Terrence Wilson
|
0-0: Called Strike 0-1: Ball 1-1: Foul Ball, location: 2F 1-2: Ball 2-2: Ball 3-2: Base on Balls
|
Batting: RHB Tim Moore
|
0-0: Swinging Strike 0-1: Ball 1-1: Called Strike 1-2: Ball 2-2: Strikes out swinging
|
Top of the 6th over - 0 runs, 0 hits, 0 errors, 1 left on base; Chester 0 - Trois-Riveres 1 |
BOTTOM OF THE 6TH |
Trois-Riveres Aigles batting - Pitching for Chester Pirates : RHP Eric Bourque
|
Batting: RHB Sesto Carpini
|
0-0: Foul Ball, location: 2F 0-1: SINGLE (Flyball, 7LS, EV 92.5 MPH)
|
Batting: RHB Jose Arriola
|
0-0: Fly out, F8 (Flyball, 8LM, EV 91.9 MPH)
|
Batting: SHB Joshua Jackson
|
0-0: Ball 1-0: Called Strike 1-1: Called Strike 1-2: Foul Ball, location: 2F 1-2: Ball Sesto Carpini steals 2nd base 2-2: Ground out 4-3 (Groundball, 4M, EV 103.1 MPH) Sesto Carpini to third
|
Batting: RHB Nelle Lommen
|
0-0: Called Strike 0-1: SINGLE (Line Drive, 56D, EV 98.1 MPH) Sesto Carpini scores
|
Batting: RHB Jason Penfield
|
0-0: Foul Ball, location: 2F 0-1: Foul Ball, location: 2F 0-2: Ball 1-2: Hit by Pitch Nelle Lommen to second
|
Batting: RHB Josh Harmon
|
0-0: Called Strike 0-1: Ball 1-1: Ball 2-1: Foul Ball, location: 2F 2-2: Fly out, F5 (Line Drive, 5, EV 70.6 MPH)
|
Bottom of the 6th over - 1 run, 2 hits, 0 errors, 2 left on base; Chester 0 - Trois-Riveres 2 |
TOP OF THE 7TH |
Chester Pirates batting - Pitching for Trois-Riveres Aigles : RHP Jaylin Green
|
Pitching: RHP Eddie Aguirre
|
|
Batting: RHB Brandon White
|
0-0: Fly out, F9 (Flyball, 89XD, EV 100.6 MPH)
|
Batting: LHB Carlos Vega
|
0-0: Called Strike 0-1: Ball 1-1: Called Strike 1-2: Ball 2-2: Strikes out looking
|
Batting: RHB Zach Chmieleski
|
0-0: Ball 1-0: Foul Ball, location: 2F 1-1: Swinging Strike 1-2: Ball 2-2: Strikes out swinging
|
Top of the 7th over - 0 runs, 0 hits, 0 errors, 0 left on base; Chester 0 - Trois-Riveres 2 |
BOTTOM OF THE 7TH |
Trois-Riveres Aigles batting - Pitching for Chester Pirates : RHP Eric Bourque
|
Batting: LHB Jonathan Spino
|
0-0: Fly out, F5 (Popup, 25, EV 82.5 MPH)
|
Batting: LHB Harris Vink
|
0-0: Foul Ball, location: 2F 0-1: Ball 1-1: Reached on error, E3 (Groundball, 3L, EV 83.1 MPH)
|
Batting: LHB Darryl Gonnella
|
0-0: Ball 1-0: Foul Ball, location: 2F 1-1: Ball 2-1: Foul Ball, location: 2F 2-2: Ball 3-2: Strikes out looking
|
Batting: RHB Sesto Carpini
|
0-0: SINGLE (Flyball, 3D, EV 88.8 MPH) Harris Vink to second Runner from 2nd tries for 3rd, SAFE, throw by RF made to third
|
Batting: RHB Jose Arriola
|
0-0: Ball 1-0: Fielders Choice at 2nd, 5-4 (Groundball, 5, EV 88.1 MPH)
|
Bottom of the 7th over - 0 runs, 1 hit, 1 error, 2 left on base; Chester 0 - Trois-Riveres 2 |
TOP OF THE 8TH |
Chester Pirates batting - Pitching for Trois-Riveres Aigles : RHP Eddie Aguirre
|
Batting: SHB Don Hauk
|
0-0: Ball 1-0: Ball 2-0: Ball 3-0: Base on Balls
|
Batting: RHB Jeff Edwards
|
0-0: Swinging Strike 0-1: Ball 1-1: Swinging Strike 1-2: Ball 2-2: Strikes out looking
|
Batting: RHB Frank Elizondo
|
0-0: Ball 1-0: Ball 2-0: Ball 3-0: Called Strike 3-1: Called Strike 3-2: Strikes out swinging Don Hauk is caught stealing 2nd base 2-4 Batter strikes out.
|
Top of the 8th over - 0 runs, 0 hits, 0 errors, 0 left on base; Chester 0 - Trois-Riveres 2 |
BOTTOM OF THE 8TH |
Trois-Riveres Aigles batting - Pitching for Chester Pirates : RHP Eric Bourque
|
Pitching: RHP Serguei Rudakovsky
|
|
Batting: SHB Joshua Jackson
|
0-0: Called Strike 0-1: Swinging Strike 0-2: Foul Ball, location: 2F 0-2: Ball 1-2: Strikes out swinging
|
Batting: RHB Nelle Lommen
|
0-0: Ball 1-0: Foul Ball, location: 2F 1-1: Foul Ball, location: 2F 1-2: Strikes out looking
|
Batting: RHB Jason Penfield
|
0-0: Ball 1-0: Ball 2-0: Ball 3-0: Called Strike 3-1: Base on Balls
|
Batting: LHB Dave Northam
|
0-0: Ball 1-0: Ground out 4-3 (Groundball, 34, EV 96.9 MPH)
|
Bottom of the 8th over - 0 runs, 0 hits, 0 errors, 1 left on base; Chester 0 - Trois-Riveres 2 |
TOP OF THE 9TH |
Chester Pirates batting - Pitching for Trois-Riveres Aigles : RHP Eddie Aguirre
|
Pitching: LHP Tim Pulliam
|
|
Pinch Hitting: RHB Dan Kurtz
|
0-0: Called Strike 0-1: DOUBLE (Line Drive, 9LS, EV 95.6 MPH)
|
Batting: RHB Terrence Wilson
|
0-0: Called Strike 0-1: Ball 1-1: Called Strike 1-2: Fly out, F8 (Flyball, 78M, EV 86.9 MPH)
|
Batting: RHB Tim Moore
|
0-0: Ball 1-0: Swinging Strike 1-1: Swinging Strike 1-2: Ball 2-2: Ball 3-2: Base on Balls
|
Batting: RHB Brandon White
|
0-0: Fly out, F9 (Flyball, 9, EV 90.0 MPH) Runner from 2nd tags up, SAFE at 3rd with throw by RF
|
Batting: LHB Carlos Vega
|
0-0: Reached on error, E6 (Groundball, 6, EV 75.6 MPH) Dan Kurtz scores Tim Moore to second
|
Batting: RHB Zach Chmieleski
|
0-0: Ball 1-0: Ball 2-0: Called Strike 2-1: 3-RUN HOME RUN (Line Drive, 7D, EV 106.2 MPH), Distance : 396 ft
|
Pitching: LHP Jamie Houtman
|
|
Batting: SHB Don Hauk
|
0-0: Ball 1-0: Foul Ball, location: 2F 1-1: Fly out, F9 (Line Drive, 9, EV 92.5 MPH)
|
Top of the 9th over - 4 runs, 2 hits, 1 error, 0 left on base; Chester 4 - Trois-Riveres 2 |
BOTTOM OF THE 9TH |
Trois-Riveres Aigles batting - Pitching for Chester Pirates : RHP Serguei Rudakovsky
|
Pitching: RHP Steve Kane
|
|
Now at 1B: Dustin Herman
|
|
Now at SS: Erik Mulligan
|
|
Batting: LHB Jonathan Spino
|
0-0: Ball 1-0: Fly out, F4 (Flyball, 4MD, EV 81.9 MPH)
|
Batting: LHB Harris Vink
|
0-0: Fly out, F6 (Popup, 4MD, EV 55.6 MPH)
|
Batting: LHB Darryl Gonnella
|
0-0: Swinging Strike 0-1: Foul Ball, location: 2F 0-2: Ball 1-2: Strikes out looking
|
Bottom of the 9th over - 0 runs, 0 hits, 0 errors, 0 left on base; Chester 4 - Trois-Riveres 2 |
|